 Dungeon Crawl Stone Soup version 0.29.0-11-gd7f09526c8 (webtiles) character file.

Game seed: 16940898684630115308

153 Monkooky the Grasshopper (level 5, -2/42 HPs)
             Began as a Barachi Warper on Sept 2, 2022.
             Killed from afar by an orc wizard (5 damage)
             ... with a magic dart
             ... on level 3 of the Dungeon.
             The game lasted 00:07:33 (3158 turns).

Monkooky the Grasshopper (Barachi Warper)           Turns: 3158, Time: 00:07:34

Health: -2/42      AC:  8    Str: 15    XL:     5   Next: 35%
Magic:  6/8        EV: 11    Int: 13    God:
Gold:   131        SH:  0    Dex: 11    Spells: 3/8 levels left

rFire   . . .      SeeInvis .   r - +0 trident
rCold   . . .      Faith    .   (no shield)
rNeg    . . .      Spirit   .   m - +0 ring mail
rPois   +          Reflect  .   (no helmet)
rElec   .          Harm     .   o - +0 cloak
rCorr   .          Rampage  .   q - +1 pair of gloves
Will    .....                   (no boots)
Stlth   +.........              (no amulet)
HPRegen 0.14/turn               t - ring of poison resistance
MPRegen 0.11/turn               (no ring)

@: unable to hop, slow
A: amphibious, slowness 1, strong legs 1, +LOS
a: Hop


You were on level 3 of the Dungeon.
You visited 1 branch of the dungeon, and saw 3 of its levels.

You collected 131 gold pieces.

Inventory:

Hand Weapons
 a - a +0 spear
 h - a +0 sling
 r - a +0 trident (weapon)
Missiles
 s - a boomerang (quivered)
Armour
 b - a +0 leather armour
 l - a +0 pair of gloves
 m - a +0 ring mail (worn)
 o - a +0 cloak (worn)
 q - a +1 pair of gloves (worn)
Jewellery
 t - a ring of poison resistance (left hand)
Scrolls
 c - 3 scrolls of blinking
 e - a scroll of vulnerability {unknown}
 f - 3 scrolls of teleportation {unknown}
 g - 3 scrolls of identify {unknown}
 j - 3 scrolls of enchant weapon {unknown}
 p - a scroll of magic mapping {unknown}
 u - a scroll of immolation {unknown}
Potions
 d - a potion of might {unknown}
 i - a potion of berserk rage {unknown}
 k - a potion of curing
 n - a potion of magic {unknown}


   Skills:
 - Level 3.7 Fighting
 - Level 2.9 Polearms
 - Level 1.6 Ranged Weapons
 - Level 1.0 Throwing
 - Level 1.2 Armour
 - Level 2.1 Dodging
 - Level 2.1 Spellcasting
 + Level 4.8 Translocations


You had 3 spell levels left.
You knew the following spells:

 Your Spells              Type           Power      Damage    Failure   Level
a - Blink                 Tloc           26%        N/A       10%         2
b - Lesser Beckoning      Tloc           13%        N/A       21%         3

Your spell library contained the following spells:

 Spells                   Type           Power      Damage    Failure   Level
 Gell's Gravitas          Tloc           13%        N/A       21%         3
 Teleport Other           Tloc           13%        N/A       21%         3
 Necrotise                Necr           4%         1d4       43%         1
 Dazzling Flash           Conj/Hex       2%         N/A       82%         3
 Vampiric Draining        Necr           1%         2d6       82%         3
 Manifold Assault         Tloc           13%        N/A       88%         5
 Agony                    Necr           1%         N/A       100%        5
 Silence                  Hex/Air        0%         N/A       100%        5


Dungeon Overview and Level Annotations

Branches:
Dungeon (3/15)

Altars:
Elyvilon
Fedhas
Wu Jian

Portals:
Abyss: D:3

Annotations:
D:2 Sigmund
D:3 2 transporters, pigah's ghost, amateur OpAE


Innate Abilities, Weirdness & Mutations

You are amphibious.
You cover ground slowly.
You can hop short distances.
You have an extended range of vision and can be seen from far away.


Message History

The boomerang barely misses the orc wizard.
You aren't carrying any items that you can evoke.
Throw: boomerang
Press: ? - help, Q - select action, (/) - cycle Shift-Dir - straight line, f/p - orc wizard
Aim: an orc wizard, wielding a +0 dagger and wearing a +0 robe (heavily wounded, 47% to hit)
You throw a boomerang.
The boomerang closely misses the orc wizard.
The orc wizard casts a spell.
The orc wizard flickers and vanishes!
Deactivating autopickup; reactivate with Ctrl-A.
Something hits you but does no damage.
Casting: Blink (safe; 10% risk of failure)
Confirm with . or Enter, or press ? or * to list all spells.
You blink.
You hear some strange, mumbled words.
You are confused.
Unknown command.
Something hits you but does no damage.
You hear some strange, mumbled words.
A puff of flame appears from out of thin air!
The puff of flame hits you!
* * * LOW HITPOINT WARNING * * *
Unknown command.
You feel stable enough to blink again.
It was a potion of curing.
You feel better. Something hits you but does no damage.
Okay, then.
Casting: Blink (safe; 10% risk of failure)
Confirm with . or Enter, or press ? or * to list all spells.
You blink.
A magic dart appears from out of thin air!
The magic dart hits you.
* * * LOW HITPOINT WARNING * * *
You feel stable enough to blink again.
A puff of flame appears from out of thin air!
The puff of flame hits you.
* * * LOW HITPOINT WARNING * * *
A magic dart appears from out of thin air!
The magic dart hits you.
You die...

##..)..#....##...# #.#######
.#.###.###8##....# #.# #
.#.#...#####.....########.####...
...#....).......................>
####...######....................
.......# #.#########.########.
....##.# ##.# #..#
....##.#####..##########.####
....##..........@...{.......#
............................##
....##.#...........##........# .
#...##.#...###....####©......# #.
#...##.....#.##..##..####....##..
###........#∩.#..#©..g$.##.......
#8#.##.#..##.##..###..##.#.......
....##.#..#..##...###.# ##...##..
(...##....#.#.##....#. #........


There were no monsters in sight!

Vanquished Creatures
  Jessica (D:2)
  3 gnolls (D:3)
  2 adders
  A worm (D:3)
  4 dart slugs
  8 orcs (D:3)
  6 bats
  2 endoplasms
  5 goblins
  7 hobgoblins
  3 quokkas (D:1)
  6 ball pythons
  2 frilled lizards (D:2)
  6 kobolds
  10 rats
66 creatures vanquished.

Vanquished Creatures (others)
  A plant (D:1)
1 creature vanquished.

Grand Total: 67 creatures vanquished

Notes
Turn   | Place    | Note
-------+----------+-------------------------------------------
     0 | D:1      | Monkooky the Barachi Warper began the quest for the Orb.
     0 | D:1      | Reached XP level 1. HP: 17/17 MP: 3/3
   119 | D:1      | Reached XP level 2. HP: 23/23 MP: 5/5
   391 | D:1      | Reached skill level 1 in Ranged Weapons
   508 | D:1      | Found a faded altar of an unknown god.
   623 | D:1      | Prayed at the altar of an unknown god.
   623 | D:1      | Became a worshipper of Elyvilon the Healer
   623 | D:1      | Reached * piety under Elyvilon
   624 | D:1      | Fell from the grace of Elyvilon
   656 | D:1      | Reached XP level 3. HP: 14/28 MP: 6/6
   989 | D:1      | Learned a level 2 spell: Blink
   993 | D:1      | Learned a level 3 spell: Lesser Beckoning
  1033 | D:2      | Noticed Jessica
  1037 | D:2      | Killed Jessica
  1043 | D:2      | Reached XP level 4. HP: 31/35 MP: 7/7
  1591 | D:2      | Noticed Sigmund
  1833 | D:3      | Noticed an ancient zyme
  1857 | D:3      | Found a blossoming altar of Fedhas.
  1939 | D:3      | Found a transporter.
  1958 | D:3      | Found a transporter.
  1966 | D:3      | Found a one-way gate to the infinite horrors of the Abyss.
  1966 | D:3      | Noticed pigah's ghost (amateur OpAE)
  2154 | D:3      | Reached skill level 4 in Translocations
  2704 | D:3      | Reached XP level 5. HP: 42/42 MP: 8/8
  3058 | D:3      | Found an ornate altar of the Wu Jian Council.
  3139 | D:3      | HP: 1/42 [something/puff of flame (10)]
  3158 | D:3      | Killed from afar by an orc wizard

Illustrated notes

Levels and vault maps discovered:
D:1:      dreamdust_arrival_beginning_and_end, layout_loops_cross,
          shapermc_ecumenical_altar_mp_ritualfount, hangedman_decor_points,
          minmay_small_reverse_x
D:2:      layout_basic, uniq_jessica, uniq_sigmund
D:3:      layout_basic, fedhas_altar_fruit_tree,
          mainiacjoe_overflow_cross_hatched, gammafunk_ghost_abyssal_escape,
          serial_corexii_hall, corexii_hall_statues_t, chequers_hall_statues_y,
          kennysheep_nub, bh_walls_and_bars

Skill      XL: |  1  2  3  4 |
---------------+-------------+-----
Ranged Weapons | 1 |  1.6
Fighting       | 3 |  3.7
Translocations | 4 |  4.8
Polearms       | |  2.9
Throwing       | |  1.0
Armour         | |  1.2
Dodging        | |  2.1
Spellcasting   | |  2.1

Action                   |  1- 3 |  4- 6 || total
-------------------------+-------+-------++-------
Melee: Spear             |    18 |   129 ||   147
       Trident           |       |    47 ||    47
 Fire: Sling             |    59 |       ||    59
Throw: Boomerang         |     1 |    11 ||    12
 Cast: Blink             |       |     4 ||     4
Invok: Renounce Religion |     1 |       ||     1
 Abil: Hop               |     2 |     4 ||     6
  Use: Potion            |       |     1 ||     1
 Stab: Sleeping          |     1 |       ||     1
Armor: Leather armour    |    16 |     6 ||    22
       Ring mail         |       |    53 ||    53
Dodge: Dodged            |    18 |    81 ||    99
